 Dungeon Crawl Stone Soup version 0.17.1-3-g152610e (webtiles) character file.

56 inmateoo the Chopper (level 3, -5/31 HPs)
             Began as a Centaur Fighter on Feb 18, 2016.
             Slain by MrTails's ghost (9 damage)
             ... in a sewer.
             The game lasted 00:01:38 (1685 turns).

inmateoo the Chopper (Centaur Fighter)              Turns: 1685, Time: 00:01:38

Health: -5/31      AC:  7    Str: 24    XL:     3   Next: 71%
Magic:  3/3        EV:  5    Int:  7    God:
Gold:   107        SH:  8    Dex:  8    Spells: 0 memorised, 2 levels left

rFire  . . .     SeeInvis .     a - +0 war axe
rCold  . . .     Clarity  .     b - +0 scale mail
rNeg   . . .     SustAt   .     c - +0 shield
rPois  .         Gourm    .     (no helmet)
rElec  .         Spirit   .     r - +0 cloak
rCorr  .         Warding  .     (no gloves)
rMut   .         Stasis   .     (no barding)
MR     .....                    (no amulet)
Stlth  ..........               (no ring)
                                (no ring)

@: mighty, very quick, not resistant to hostile enchantments, extremely
unstealthy
A: hooves 3, deformed body, speed 2, tough skin 3
a: no special abilities


You were in a sewer.
You were hungry.

You visited 1 branch of the dungeon, and saw 3 of its levels.
You also visited: Sewer.

You collected 107 gold pieces.

Inventory:

Hand Weapons
 a - a +0 war axe (weapon)
Armour
 b - a +0 scale mail (worn)
 c - a +0 shield (worn)
 r - a +0 cloak (worn)
Scrolls
 k - a scroll of enchant armour {unknown}
 m - 4 scrolls of identify {unknown}
 n - 2 scrolls of enchant weapon {unknown}
 p - a scroll of fog {unknown}
 q - a scroll of fear {unknown}
 u - a scroll of teleportation {unknown}
Potions
 f - 3 potions of brilliance {unknown}
 g - a potion of cure mutation {unknown}
 h - a potion of heal wounds {unknown}
 i - 3 potions of curing {unknown}
 o - a potion of flight {unknown}
 s - a potion of magic {unknown}
 v - 2 potions of agility {unknown}
Comestibles
 e - a bread ration
 j - 2 fruits
 l - 2 meat rations


   Skills:
 - Level 3.0 Fighting
 + Level 3.7 Axes
 - Level 2.1 Armour
 - Level 2.1 Shields


You had 2 spell levels left.
You didn't know any spells.

Dungeon Overview and Level Annotations

Branches:
Dungeon (3/15)

Altars:
Kikubaaqudgha

Annotations:
Sewer MrTails's ghost, amateur GrFi


Innate Abilities, Weirdness & Mutations

You have hooves in place of feet.
Armour fits poorly on your strangely shaped body.
You cover ground very quickly.
You have extremely tough skin (AC +3).


Message History

Drink which item? (? for menu, Esc to quit)
You feel very mighty all of a sudden.
A worm comes into view.
MrTails's ghost hits you.
You slash MrTails's ghost! You kick MrTails's ghost!
MrTails's ghost is heavily damaged.
MrTails's ghost hits you.
Unknown command.
You barely miss MrTails's ghost. You kick MrTails's ghost.
MrTails's ghost is severely damaged.
MrTails's ghost hits you.
The ball python bites you but does no damage.
MrTails's ghost hits you!
* * * LOW HITPOINT WARNING * * *
Unknown command.
You closely miss MrTails's ghost. You kick MrTails's ghost.
MrTails's ghost is severely damaged.
Your scale mail prevents you from hitting the ball python.
The ball python barely misses you. MrTails's ghost hits you!
You die...

≈. S. ≈# ≈# ≈#
##≈## ##S..##
#@∩≈≈.#
.≈w≈w≈W.≈∩.≈≈≈≈≈
...####..≈..####
##.≈.## ##≈## ≈#
≈≈ ≈##


You could see 2 worms, MrTails's ghost and a ball python.

Vanquished Creatures
  A river rat (D:3)
  An adder (D:2)
  A worm (D:2)
  4 giant geckos
  An orc (D:3)
  3 bats
  2 giant cockroaches
  2 goblins
  4 hobgoblins
  A quokka (D:2)
  2 ball pythons (D:3)
  2 giant newts
  4 kobolds
  5 rats
33 creatures vanquished.

Vanquished Creatures (others)
  4 toadstools (D:1)
4 creatures vanquished.

Grand Total: 37 creatures vanquished

Notes
Turn   | Place    | Note
--------------------------------------------------------------
     0 | D:1      | inmateoo the Centaur Fighter began the quest for the Orb.
     0 | D:1      | Reached XP level 1. HP: 19/19 MP: 1/1
   284 | D:1      | Reached XP level 2. HP: 24/26 MP: 2/2
   913 | D:2      | Reached XP level 3. HP: 28/31 MP: 3/3
  1568 | D:3      | Found an ancient bone altar of Kikubaaqudgha.
  1623 | D:3      | Found a glowing drain.
  1680 | Sewer    | Entered a sewer
  1680 | Sewer    | Noticed MrTails's ghost (amateur GrFi)
  1685 | Sewer    | Slain by MrTails's ghost

Action                   || total
-------------------------++-------
Melee: War axe           ||    95
  Use: Potion            ||     1
  Eat: Chunk             ||     1
